 Dungeon Crawl Stone Soup version 0.31.0 (webtiles) character file.

Game seed: 18002131154199118325

66 AberrantSnake the Conjurer (level 4, -5/23 (24) HPs)
             Began as a Tengu Conjurer on Jan 15, 2024.
             Slain by Terence
             ... wielding a +0 falchion
              (6 damage)
             ... on level 2 of the Dungeon on Jan 19, 2024.
             The game lasted 00:06:57 (1501 turns).

AberrantSnake the Conjurer (Tengu Conjurer)         Turns: 1501, Time: 00:06:59

HP:   -5/23 (24)    AC:  3    Str:  7    XL:     4   Next: 15%
MP:   0/8           EV: 11    Int: 20    God:
Gold: 116           SH:  0    Dex: 13    Spells: 6/7 levels left

rFire   . . .        c - +0 short sword (elec)
rCold   . . .        (no shield)
rNeg    . . .        g - +0 leather armour
rPois   .            (helmet restricted)
rElec   .            (no cloak)
rCorr   .            (no gloves)
SInv    .            (boots unavailable)
Will    .....        (no amulet)
Stlth   ++           (no ring)
HPRegen 0.23/turn    (no ring)
MPRegen 0.11/turn

%: acrobat
@: lightly drained
A: beak, talons 3, acrobatic
a: no special abilities


You were on level 2 of the Dungeon.
You visited 1 branch of the dungeon, and saw 2 of its levels.

You collected 116 gold pieces.

Inventory:

Hand Weapons
 c - a +0 short sword of electrocution (weapon)
 h - a +0 dagger of holy wrath
Armour
 a - a +0 robe
 g - a +0 leather armour (worn)
Talismans
 f - a maw talisman
Wands
 m - a wand of flame (24)
Scrolls
 d - 3 scrolls of identify {unknown}
 j - a scroll of blinking {unknown}
 l - 2 scrolls of noise {unknown}
 o - a scroll of vulnerability {unknown}
Potions
 b - a potion of magic
 e - 2 potions of might {unknown}
 i - 2 potions of mutation {unknown}
 k - a potion of curing {unknown}
 n - a potion of ambrosia {unknown}


   Skills:
 - Level 2.1 Dodging
 - Level 2.0 Stealth
 - Level 2.0 Spellcasting
 * Level 7.4 Conjurations


You had 6 spell levels left.
You knew the following spells:

 Your Spells              Type           Power      Damage    Failure   Level
a - Magic Dart            Conj           100%       1d8       1%          1

Your spell library contained the following spells:

 Spells                   Type           Power      Damage    Failure   Level
 Searing Ray              Conj           62%        2d6       1%          2
 Fulminant Prism          Conj/Alch      8%         3d7       45%         4
 Iskenderun's Mystic Bla  Conj/Tloc      16%        2d5       45%         4
 Gell's Gravitas          Tloc           2%         N/A       56%         3
 Teleport Other           Tloc           2%         N/A       56%         3
 Tukima's Dance           Hex            2%         N/A       56%         3
 Passage of Golubria      Tloc           2%         N/A       93%         4
 Yara's Violent Unravell  Hex/Alch       1%         3d3       100%        5
 Dispersal                Tloc           1%         N/A       100%        6


Dungeon Overview and Level Annotations

Branches:
Dungeon (2/15)

Altars:

Annotations:
D:2 Terence


Innate Abilities, Weirdness & Mutations

You have a beak for a mouth.
You have claws for feet.
You can magically evade attacks while moving or waiting.


Message History

The magic dart hits Terence but does no damage.
Terence is heavily wounded.
Terence hits you with a +0 falchion.
Casting: Magic Dart (safe; 1% risk of failure)
Confirm with . or Enter, or press ? or * to list all spells.
Aiming: Magic Dart (safe; 1% risk of failure)
Press: ? - help, Shift-Dir - straight line, f/p - Terence
Aim: Terence, wielding a +0 falchion, wearing a +0 ring mail and carrying a wand of flame (heavily wounded, 100% to hit)
The magic dart hits Terence.
Terence is heavily wounded.
Terence hits you with a +0 falchion.
Casting: Magic Dart (safe; 1% risk of failure)
Confirm with . or Enter, or press ? or * to list all spells.
Aiming: Magic Dart (safe; 1% risk of failure)
Press: ? - help, Shift-Dir - straight line, f/p - Terence
Aim: Terence, wielding a +0 falchion, wearing a +0 ring mail and carrying a wand of flame (heavily wounded, 100% to hit)
The magic dart hits Terence.
Terence is heavily wounded.
Terence hits you with a +0 falchion.
You hit Terence but do no damage. Your peck misses Terence.
Terence is heavily wounded.
Terence barely misses you.
You hit Terence but do no damage.
Terence is heavily wounded.
Terence barely misses you.
You hit Terence but do no damage. Your kick misses Terence.
Terence is heavily wounded.
Terence hits you with a +0 falchion!
* * * LOW HITPOINT WARNING * * *
Your magical contamination has completely faded away.
Casting: Magic Dart (safe; 1% risk of failure)
Confirm with . or Enter, or press ? or * to list all spells.
Aiming: Magic Dart (safe; 1% risk of failure)
Press: ? - help, Shift-Dir - straight line, f/p - Terence
Aim: Terence, wielding a +0 falchion, wearing a +0 ring mail and carrying a wand of flame (heavily wounded, 100% to hit)
The magic dart hits Terence but does no damage.
Terence is heavily wounded.
Terence hits you with a +0 falchion.
You die...
Terence says, "That felt goooood."

.### #.# #.#.# .# #.#
#.#.# .# #.# ##.#.#
.# #######
#.#####....# ##
#.....# #..........#
#
#.....###############
# #..............#
..##
######.....####..####
....# ...........#
##@#..#.$...#
############
#.@..'.....# #
###..#...(.# # ####
....# .$## ###### ##
.....^ ######


You could see Terence.

Vanquished Creatures
  3 adders (D:2)
  2 ribbon worms (D:2)
  5 ball pythons
  3 bats
  2 endoplasms
  A giant cockroach (D:1)
  2 goblins (D:1)
  2 hobgoblins
  4 jackals
  5 kobolds
  A frilled lizard (D:2)
  2 rats (D:2)
32 creatures vanquished.

Notes
Turn   | Place    | Note
-------+----------+-------------------------------------------
     0 | D:1      | AberrantSnake the Tengu Conjurer began the quest for the
                  | Orb.
     0 | D:1      | Reached XP level 1. HP: 10/10 MP: 4/4
     0 | D:1      | Upgraded the game from 0.31-b1-17-gcfd88c8481 to
                  | 0.31-b1-18-g61460d1e46
   180 | D:1      | Reached XP level 2. HP: 15/15 MP: 0/6
   243 | D:1      | Reached skill level 6 in Conjurations
   644 | D:1      | Upgraded the game from 0.31-b1-18-g61460d1e46 to
                  | 0.31-b1-20-g67cafac56d
   784 | D:2      | Reached XP level 3. HP: 19/19 MP: 4/7
   981 | D:2      | Upgraded the game from 0.31-b1-20-g67cafac56d to 0.31.0
  1104 | D:2      | Reached skill level 7 in Conjurations
  1423 | D:2      | Reached XP level 4. HP: 24/24 MP: 4/8
  1475 | D:2      | Noticed Terence
  1500 | D:2      | HP: 1/23 [Terence/+0 falchion (9)]
  1501 | D:2      | Slain by Terence

Illustrated notes

Levels and vault maps discovered:
D:1:      wander_arrival_estate, layout_rooms
D:2:      layout_loops_ring, minmay_goblin_kobold_house, uniq_terence

Skill      XL: |  1  2  3 |
---------------+----------+-----
Conjurations   | 6 7 |  7.4
Dodging        | |  2.1
Stealth        | |  2.0
Spellcasting   | |  2.0

Action                     |  1- 3 |  4- 6 || total
---------------------------+-------+-------++-------
  Melee: Unarmed           |     3 |       ||     3
         Short sword       |     1 |     8 ||     9
         Kick              |       |     2 ||     2
         Peck              |       |     2 ||     2
   Cast: Magic Dart        |    61 |     8 ||    69
 Armour: Robe              |     2 |       ||     2
         Leather armour    |     1 |     8 ||     9
  Dodge: Dodged            |     9 |     8 ||    17
